 Dungeon Crawl Stone Soup version 0.01-2177-gccf4c23808 (webtiles) character file.

Game seed: 18269964599174374236, levelgen mode: deterministic

21 nono the Shield-Bearer (level 2, -2/21 HPs) Lignifite Fighter. Began on July 13, 2020. Slain by a cinder newt (4 damage) ... on level 1 of the Dungeon. The game lasted 00:01:56 (219 turns).

nono the Shield-Bearer (Lignifite Fighter)           Turns: 219, Time: 00:01:56

Health: -2/21      AC:  1    Str: 26    XL:     2 ^: 11
Magic:  3/3        EV: 16    Int:  9    God:
Gold:   10         SH:  6    Dex:  7    Spells: 1/1 levels left

rFire    x . .     Vision   .   a - +0 flail
rCold    . . .     Gourm    .   c - +0 buckler
rNeg     . . .     Faith    .   b - +0 robe
rPois    +         Spirit   .   (helmet restricted)
rElec    .         Reflect  .   (no cloak)
rCorr    .         Harm     .   (gloves unavailable)
MR       .....                  (boots unavailable)
Stlth    +.........             (no amulet)
HPRegen  0.17/turn              (no ring)
MPRegen  0.13/turn              (no ring)

@: mighty, quick
A: very small, rF-, deformed body, speed 1, poison resistance, slow metabolism
1, torment resistance, plant, rot immunity
a: no special abilities


You were on level 1 of the Dungeon.
You were not hungry.

You visited 1 branch of the dungeon, and saw 1 of its levels.

You collected 10 gold pieces.

Inventory:

Weapons
 a - a +0 flail (weapon)
 e - a +0 whip Shields
 c - a +0 buckler (shield)
Armour
 b - a +0 robe (worn)
Scrolls
 h - a scroll of teleportation
Comestibles
 f - a ration
 g - 7 chunks of flesh


   Skills:
 + Level 3.3 Fighting
 + Level 2.7 Whips & Flails
 - Level 2.6 Dodging
 + Level 3.3 Shields


You had one spell level left.
You didn't know any spells.
Your spell library was empty.

Dungeon Overview and Level Annotations

Branches:
Dungeon (1/8)

Altars:


Innate Abilities, Weirdness & Mutations

Your woody flesh burns easily. (rF-)
A tangle of shorter branches protects your body from attack. (+1 SH)
You are very small and have problems with some larger weapons.
You are too small for most types of armour.
Armour fits poorly on your strangely shaped body.
You cover ground quickly.
Your system is resistant to poisons. (rPois)
You have a slow metabolism.
You are immune to unholy pain and torment.
You require very little carbon dioxide to survive.
You are immune to rotting.


Message History

You closely miss the cinder newt. The cinder newt bites you (1).
The cinder newt burns you! The fire burns you terribly!
The cinder newt exhales a small puff of smoke.
You block the cinder newt's attack.
Unknown command.
You aren't carrying any items that you can evoke.
Okay, then.
You feel very mighty all of a sudden. The cinder newt misses you (0).
You barely miss the cinder newt. You block the cinder newt's attack.
You barely miss the cinder newt. The cinder newt bites you (0).
The cinder newt burns you! The fire burns you terribly!
You closely miss the cinder newt. The cinder newt bites you (1).
The cinder newt burns you! The fire burns you terribly!
* * * LOW HITPOINT WARNING * * *
You miss the cinder newt. The cinder newt misses you (0).
The cinder newt bites you (1).
* * * LOW HITPOINT WARNING * * *
The cinder newt burns you! The fire burns you terribly!
You die...

#.#<#
............###..###..##.#.#
........##...#.........#.#.#
..##....##.............#.#.#
...##..................#.#.#
.......................#.#.#
.......................#.#.#
.......................#.#.#
......†.†......l@......#.#
#..#.†.................#.#
...##..................#.#
...####†....##....##...#†# ...#
#..#.###.....#...##)# ##..
...###..#.###.........#..##.....
...##.........#.....#†#.........
#..#...##.....#.....#...†.......
#......##)..............##....##


You could see a cinder newt.

Vanquished Creatures
  A dart slug (D:1)
  A leopard gecko (D:1)
  A hobgoblin (D:1)
  2 kobolds (D:1)
  3 bats (D:1)
  5 goblins (D:1)
  5 rats (D:1)
18 creatures vanquished.

Notes
Turn   | Place    | Note
-------+----------+-------------------------------------------
     0 | D:1      | nono the Lignifite Fighter began the quest for the Orb.
     0 | D:1      | Reached XP level 1. HP: 14/14 MP: 2/2
    84 | D:1      | Reached XP level 2. HP: 18/21 MP: 3/3
   219 | D:1      | Slain by a cinder newt

Levels and vault maps discovered:
D:1:      wheals_arrival_linesprint, layout_cave_pools, first_ration

Action                   || total
-------------------------++-------
Melee: Flail             ||    89
  Use: Potion            ||     1
Armor: Robe              ||     5
Dodge: Dodged            ||    77
Block: Buckler           ||    36
